Unix NetHack Version 5.0.0-0 post-release - last build Jun 10 2026 00:39:30 (3ee93aec679c4c4259841fe613dc97188e26a321,branch:main).

Game began 2026-06-15 15:45:45, ended 2026-06-15 16:21:58.

GdeVolpiano, neutral female human Tourist

    --------------                                --------
    |........<...|                                |...(..|
    |............|                                |......|
    |............|                               #-....(.|
    |........(...|             ###########     ###-----.--
    ----------|---             #{........#     #       #
            ###                #..........    ###     ##
            #                ##.{(..{....#     #     ##
            #          ######0 #..{......#######     ####
            #     ######    ## ...(....{..#           # ##
         ####     #  ####      #.........#           ##  ##
       --.----      ##         ###########           #    #
       |.....|    ###                                #    #
       |....>.#####                                  #       e
       |....B|                                      -|-.--  @f
       |.....|                                      |....| e:
       -------                                      |....-##
                                                    ------

GdeVolpiano the Sightseer   St:12 Dx:15 Co:14 In:13 Wi:8 Ch:13  Neutral
Dlvl:3  $:1008 HP:0(25) Pw:10(10) AC:10 Xp:3 T:974 

Latest messages:
 You can move again.
 The wood nymph steals a +0 pair of combat boots!
 The wood nymph vanishes!
 a - a +2 dart (at the ready).
 The jackal bites!
 You hit the jackal.
 Heliodore bites the jackal.
 The jackal bites Heliodore.
 The jackal bites!
 Heliodore misses the jackal.
 You miss the jackal.
 Heliodore misses the jackal.
 The jackal bites!
 Heliodore bites the jackal.
 The jackal is killed!
 You see here a jackal corpse.
 Heliodore eats a jackal corpse.
 F - a scroll labeled VE FORBRYDERNE.
 $ - 3 gold pieces (1008 in total).
 There is nothing here to pick up.
 In what direction?
 The dart misses the floating eye.
 You hit the floating eye.
 You hit the floating eye.
 You are frozen by the floating eye's gaze!
 Heliodore bites the floating eye.
 Heliodore is frozen by the floating eye's gaze!
 The wood nymph stole a scroll labeled VE FORBRYDERNE.
 The wood nymph stole a ruby potion.
 The wood nymph stole 3 uncursed tripe rations.
 The wood nymph stole a violet gem.
 The wood nymph stole a cram ration.
 The wood nymph tries to rob you, but isn't interested in gold.
 The wood nymph vanishes!
 The gecko bites!
 The gecko bites!
 The gecko bites!
 The gecko bites!
 The gecko bites!
 The gecko bites!
 The gecko bites!
 The gecko bites!
 The gecko bites!
 The gecko bites!
 The gecko bites!
 The gecko bites!
 The gecko bites!
 The gecko bites!
 You die...
 Do you want your possessions identified? [ynq] (y)

Inventory:
 Coins    ('$')
  $ - 1008 gold pieces

GdeVolpiano the Tourist's attributes:

Background:
 You were a Sightseer, a level 3 female human Tourist.
 You were neutral, on a mission for The Lady
 who was opposed by Blind Io (lawful) and Offler (chaotic).
 You were right-handed.
 You were in the Dungeons of Doom, on level 3.
 You entered the dungeon 974 turns ago.
 There was a new moon in effect when your adventure ended.
 You had 78 experience points, 2 more were needed to attain level 4.

Basics:
 You had 0 out of 25 hit points.
 You had all 10 energy points (spell power).
 Your armor class was 10.
 Your wallet contained 1008 zorkmids.
 Autopickup was on for '$?!/="+' plus thrown, with exceptions.

Final Characteristics:
 Your strength was 12 (limit:18/100).
 Your dexterity was 15 (limit:18).
 Your constitution was 14 (limit:18).
 Your intelligence was 13 (limit:18).
 Your wisdom was 8 (limit:18).
 Your charisma was 13 (limit:18).

Final Status:
 You weren't hungry.
 You were unencumbered.
 You were bare handed.
 You were unskilled in bare handed combat.
 You weren't wearing any armor.

Final Attributes:
 You were stridently aligned.
 You are dead.

Miscellaneous:
 You didn't encounter any bones levels.
 Total elapsed playing time was 6 minutes and 37 seconds.

Major events:
 Turn
    1: GdeVolpiano the neutral female human Tourist entered the dungeon
  695: entered the Gnomish Mines
  695: attained the rank of Sightseer (level 3)
  974: killed by a gecko, while frozen by a floating eye's gaze

You didn't know any spells.

Skills:
 Fighting Skills
   bare handed combat [Unskilled]
   two weapon combat  [Unskilled]
   riding             [Unskilled]
 Weapon Skills
   dagger             [Unskilled]
   knife              [Unskilled]
   axe                [Unskilled]
   pick-axe           [Unskilled]
   short sword        [Unskilled]
   broadsword         [Unskilled]
   long sword         [Unskilled]
   two-handed sword   [Unskilled]
   saber              [Unskilled]
   mace               [Unskilled]
   morning star       [Unskilled]
   flail              [Unskilled]
   hammer             [Unskilled]
   quarterstaff       [Unskilled]
   polearms           [Unskilled]
   spear              [Unskilled]
   trident            [Unskilled]
   lance              [Unskilled]
   bow                [Unskilled]
   sling              [Unskilled]
   crossbow           [Unskilled]
   dart               [Basic]
   shuriken           [Unskilled]
   boomerang          [Unskilled]
   whip               [Unskilled]
   unicorn horn       [Unskilled]
 Spellcasting Skills
   divination spells  [Unskilled]
   enchantment spells [Unskilled]
   escape spells      [Unskilled]

Voluntary challenges:
 Character rerolling was not enabled.
 You were an atheist.
 You never hit with a wielded weapon.
 You were illiterate.
 You never genocided any monsters.
 You never polymorphed an object.
 You never changed form.
 You used no wishes.
Achievements:
 You entered the Gnomish Mines.
 You attained the rank of Sightseer.

 The Dungeons of Doom: levels 1 to 3
    Level 1:
       Some fountains.
    Level 2:
       A fountain.
    Level 3: <- You were here.
       Many fountains, many trees.
       Stairs down to The Gnomish Mines.
       Final resting place for
          you, killed by a gecko, while frozen by a floating eye's gaze.
 The Gnomish Mines:
    Level 4:


Vanquished creatures:
  5 wood nymphs
  a giant rat
  a red mold
  2 geckos
  6 jackals
  2 goblins
  a sewer rat
  2 grid bugs
  a lichen
  a kobold zombie
  3 newts
25 creatures vanquished.

No species were genocided or became extinct.

Game over:
                       ----------
                      /          \
                     /    REST    \
                    /      IN      \
                   /     PEACE      \
                  /                  \
                  |   GdeVolpiano    |
                  |     1008 Au      |
                  |   killed by a    |
                  |      gecko       |
                  |                  |
                  |                  |
                  |       2026       |
                 *|     *  *  *      | *
        _________)/\\_//(\/(/\)/\//\/|_)_______

Aloha GdeVolpiano the Tourist...

You died in The Dungeons of Doom on dungeon level 3 with 493 points,
and 1008 pieces of gold, after 974 moves.
You were level 3 with a maximum of 25 hit points when you died.

